DALLAS vs VEGAS

Created - Saturday, November 11, 2017 at 14:03

Goals
1 2 3 OT1 SO T
DALLAS 1 2 2 0 1 6
VEGAS 2 2 1 0 0 5
Shots
1 2 3 OT1 SO T
DALLAS 5 11 7 1 3 24
VEGAS 8 12 14 1 3 35

1st period

1. VEGAS , Brendan Gallagher 2 (Alex Goligoski 13) at 4:38
2. DALLAS , Derrick Pouliot 1 (David Desharnais 3, Timo Meier 4) at 10:10
3. VEGAS , Andy Greene 1 (Craig Smith 5, Alex Goligoski 14) at 16:12

Penalties :
Johnny Oduya (VGK) for Roughing (Minor) at 12:56, Derrick Pouliot (DAL) for Hooking (Minor) at 18:50

2nd period

4. VEGAS , Jordan Martinook 2 (Brock Nelson 10, Andy Greene 4) at 4:38
5. DALLAS , Mikko Rantanen 2 (Jakob Chychrun 5, Alexander Radulov 7) at 7:51
6. DALLAS , David Desharnais 3 (Pavel Zacha 4, Jakob Chychrun 6) at 14:27
7. VEGAS , Alex Goligoski 4 (Brock Nelson 11, Boone Jenner 8) at 16:23 (PP)

Penalties :
Jakob Chychrun (DAL) for Roughing (Minor) at 15:47, Travis Konecny (DAL) for Hooking (Minor) at 16:48

3rd period

8. DALLAS , Mikko Rantanen 3 (Alexander Radulov 8, Nikita Zaitsev 8) at 1:45
9. DALLAS , Alex Tuch 3 (Alexander Radulov 9, Jakob Chychrun 7) at 10:35
10. VEGAS , Nikita Zadorov 4 (Brock Nelson 12, Boone Jenner 9) at 10:47

Penalties :
Alex Tuch (DAL) for Boarding (Minor) at 1:47, Jakob Chychrun (DAL) for Roughing (Minor) at 5:27, Timo Meier (DAL) for Diving (Minor) at 17:28

Overtime #1

No Goal

Penalties :
No Penalty

Shootout

Penalty Shot by Alex Tuch for DALLAS - Stopped by Steve Mason
Penalty Shot by Jordan Martinook for VEGAS - Stopped by Anders Lindback
Penalty Shot by Alexander Radulov for DALLAS - Goal!
Penalty Shot by Andrew Cogliano for VEGAS - Shot Misses the Net
Penalty Shot by Mikko Rantanen for DALLAS - Shot Misses the Net
Penalty Shot by Brock Nelson for VEGAS - Stopped by Anders Lindback

Penalties :
No Penalty

Goalie Stats

Anders Lindback (DAL), 30 saves from 35 shots - (0.857), W, 2-8-2, 65:00 minutes
Steve Mason (VGK), 19 saves from 24 shots - (0.792), OTL, 5-5-4, 65:00 minutes

Players Stats for DALLAS

Player Name              G  A  P  +/- PIM S  H  SB GA TA FO     MP     PP MP  PK MP  
------------------------------------------------------------------------------------
Alex Tuch                1  0  1   2  2   1  0  1  0  0  6/15   16:36   1:17   0:00 
Alexander Radulov        0  3  3   2  0   2  3  0  0  0  1/1    25:20   1:17   7:51 
Brady Skjei              0  0  0   0  0   0  1  3  0  0  0/0    25:52   0:39   4:30 
Christian Fischer        0  0  0   0  0   0  0  1  0  0  0/1     9:13   0:00   0:00 
David Desharnais         1  1  2   0  0   3  0  0  0  0  6/8    10:28   0:00   0:00 
Derrick Pouliot          1  0  1   3  2   2  1  1  0  0  0/0    20:21   0:00   4:15 
J.T. Brown               0  0  0   0  0   1  0  0  0  0  5/10   10:51   0:00   0:00 
Jakob Chychrun           0  3  3   3  4   0  1  2  0  0  0/0    21:19   0:37   3:54 
Kasperi Kapanen          0  0  0  -1  0   1  0  0  0  0  0/0    15:01   0:42   0:00 
Lawson Crouse            0  0  0   0  0   0  0  0  0  0  0/1     9:37   0:00   0:24 
Mikko Rantanen           2  0  2   2  0   4  0  0  0  0  3/4    18:59   1:17   2:40 
Nikita Zaitsev           0  1  1   0  0   2  2  3  0  0  0/0    26:48   0:39   5:26 
Pavel Zacha              0  1  1   0  0   3  0  0  0  0  11/14  18:05   0:00   6:51 
Robert Bortuzzo          0  0  0  -2  0   0  1  1  0  0  0/0    17:21   1:20   0:21 
Timo Meier               0  1  1   0  2   2  2  0  0  0  0/1    10:27   0:00   0:00 
Travis Konecny           0  0  0  -1  2   1  1  0  0  0  1/1    18:48   0:42   2:16 
Vladimir Sobotka         0  0  0  -1  0   1  1  0  0  0  10/18  16:01   0:42   1:00 
Yohann Auvitu            0  0  0  -2  0   1  0  0  0  0  0/0    18:16   0:43   2:36 

Players Stats for VEGAS

Player Name              G  A  P  +/- PIM S  H  SB GA TA FO     MP     PP MP  PK MP  
------------------------------------------------------------------------------------
Alex Goligoski           1  2  3   1  0   4  2  2  0  0  0/0    27:21   5:13   0:47 
Andrew Cogliano          0  0  0   0  0   0  1  0  0  0  1/6    24:27   3:29   0:49 
Andy Greene              1  1  2   1  0   3  0  1  0  0  0/0    22:25   5:13   0:47 
Barclay Goodrow          0  0  0   0  0   0  1  0  0  0  0/0     3:58   0:00   0:00 
Boone Jenner             0  2  2  -1  0   3  6  1  0  0  12/34  23:14   7:02   1:03 
Brendan Gallagher        1  0  1   0  0   2  1  0  0  0  2/3    17:00   0:00   0:00 
Brian Campbell           0  0  0   0  0   2  0  1  0  0  0/0    23:25   5:18   1:12 
Brock Nelson             0  3  3  -1  0   6  0  1  0  0  2/2    24:46   7:02   0:37 
Craig Smith              0  1  1   0  0   0  1  0  0  0  7/16   17:16   3:29   0:00 
Jason Zucker             0  0  0   0  0   4  0  0  0  0  2/2    15:47   0:00   0:33 
Johnny Oduya             0  0  0  -2  2   3  1  1  0  0  0/0    14:31   0:00   0:00 
Jon Merrill              0  0  0   0  0   0  0  0  0  0  0/0     4:38   0:00   0:00 
Jordan Martinook         1  0  1  -1  0   5  0  0  0  0  0/0    22:49   7:02   0:00 
Marco Scandella          0  0  0  -2  0   1  0  0  0  0  0/0    14:14   0:00   0:00 
Mikkel Boedker           0  0  0   0  0   0  0  0  0  0  0/0     4:17   0:00   0:19 
Nikita Zadorov           1  0  1   0  0   2  4  0  0  0  0/0    23:25   5:18   1:12 
Tomas Tatar              0  0  0   0  0   0  2  1  0  0  0/1    19:51   3:29   0:37 
Tyler Ennis              0  0  0   0  0   0  0  0  0  0  5/10   14:36   0:00   0:00 

3 Stars

1 - Mikko Rantanen (DAL)
2 - Alex Goligoski (VGK)
3 - Alexander Radulov (DAL)

Power Play

DALLAS - 0 on 1 Attempt(s) - 0.00%
VEGAS - 1 on 6 Attempt(s) - 16.67%

Penalty Kill

DALLAS - 5 on 6 Attempt(s) - 83.33% - Score 0 goal in Penalty Kill
VEGAS - 1 on 1 Attempt(s) - 100.00% - Score 0 goal in Penalty Kill

Team Stat

DALLAS - Hits : 13 - Faceoff Wins : 43 - Blocked Shots : 12 - Penalty Minutes : 12
VEGAS - Hits : 19 - Faceoff Wins : 31 - Blocked Shots : 8 - Penalty Minutes : 2

Official

Referees : Unknown
Linesman : Unknown

Game Notes

No Game Note

Finance

Level 1 -- Attendance: 4222 (70.37%) -- Ticket Income $422,200
Level 2 -- Attendance: 3984 (79.68%) -- Ticket Income $239,040
Level 3 -- Attendance: 2000 (100.00%) -- Ticket Income $70,000
Level 4 -- Attendance: 2558 (63.95%) -- Ticket Income $63,950
Luxury Box -- Attendance: 758 (75.80%) -- Ticket Income $151,600
Game was played at the T-Mobile Arena.
Total Attendance: 13522 (75.12%)
Total Ticket Income: $946,790
Total Income: $946,790

DALLAS

5 vs 5 Forward 
   Center                   Left Wing                Right Wing               Time % Phy DF OF 
 1 Alex Tuch                Mikko Rantanen           Alexander Radulov        35     1   2  2  
 2 Vladimir Sobotka         Travis Konecny           Kasperi Kapanen          30     1   2  2  
 3 David Desharnais         Pavel Zacha              Timo Meier               25     1   2  2  
 4 J.T. Brown               Lawson Crouse            Christian Fischer        10     1   2  2  

5 vs 5 Defense 
   Defense                  Defense                                           Time % Phy DF OF 
 1 Nikita Zaitsev           Brady Skjei                                       35     1   2  2  
 2 Jakob Chychrun           Derrick Pouliot                                   30     1   2  2  
 3 Robert Bortuzzo          Yohann Auvitu                                     25     1   2  2  
 4 Nikita Zaitsev           Brady Skjei                                       10     1   2  2  

PowerPlay Forward 
   Center                   Left Wing                Right Wing               Time % Phy DF OF 
 1 Alex Tuch                Mikko Rantanen           Alexander Radulov        60     1   2  2  
 2 Vladimir Sobotka         Travis Konecny           Kasperi Kapanen          40     1   2  2  

PowerPlay Defense
   Defense                  Defense                                           Time % Phy DF OF 
 1 Nikita Zaitsev           Brady Skjei                                       60     1   2  2  
 2 Jakob Chychrun           Derrick Pouliot                                   40     1   2  2  

Penalty Kill 4 Players Forward 
   Center                   Wing                     Time % Phy DF OF 
 1 Pavel Zacha              Alexander Radulov        60     1   2  2  
 2 Mikko Rantanen           Travis Konecny           40     1   2  2  

Penalty Kill 4 Players Defense
   Defense                  Defense                  Time % Phy DF OF 
 1 Nikita Zaitsev           Brady Skjei              60     1   2  2  
 2 Jakob Chychrun           Derrick Pouliot          40     1   2  2  

Penalty Kill - 3 Players Forward 
   Forward                                           Time % Phy DF OF 
 1 Mikko Rantanen                                    60     1   2  2  
 2 Alexander Radulov                                 40     1   2  2  

Penalty Kill - 3 Players Defense
   Defense                  Defense                  Time % Phy DF OF 
 1 Nikita Zaitsev           Brady Skjei              60     1   2  2  
 2 Jakob Chychrun           Derrick Pouliot          40     1   2  2  

4 vs 4 Forward 
   Center                   Wing                     Time % Phy DF OF 
 1 Alex Tuch                Alexander Radulov        60     1   2  2  
 2 Mikko Rantanen           Travis Konecny           40     1   2  2  

4 vs 4 Defense
   Defense                  Defense                  Time % Phy DF OF 
 1 Nikita Zaitsev           Brady Skjei              60     1   2  2  
 2 Jakob Chychrun           Derrick Pouliot          40     1   2  2  

Last Minutes Offensive
   Center                   Left Wing                Right Wing               Defense                  Defense                  
   Alex Tuch                Mikko Rantanen           Alexander Radulov        Nikita Zaitsev           Brady Skjei              

Last Minutes Defensive
   Center                   Left Wing                Right Wing               Defense                  Defense                  
   Alex Tuch                Mikko Rantanen           Alexander Radulov        Nikita Zaitsev           Brady Skjei              

Goaltenders
Starting : Anders Lindback          
Backup : Andrew Hammond           

Extra Forwards
Normal : J.T. Brown, Alex Tuch, Pavel Zacha - PP : J.T. Brown, Alex Tuch - PK : Pavel Zacha
Extra Defensemen
Normal : Robert Bortuzzo, Yohann Auvitu, Jakob Chychrun - PP : Robert Bortuzzo - PK : Yohann Auvitu, Jakob Chychrun
Penalty Shots
Alex Tuch, Alexander Radulov, Mikko Rantanen, Travis Konecny, Pavel Zacha

Scratches
Johan Franzen (Healthy), Auston Matthews (Healthy), Evgeny Dadonov (Healthy), Vadim Shipachyov (Healthy), DAL CAP HIT (Suspend)
Patrick Holland (Healthy)

VEGAS

5 vs 5 Forward 
   Center                   Left Wing                Right Wing               Time % Phy DF OF 
 1 Boone Jenner             Jordan Martinook         Brock Nelson             35     1   2  2  
 2 Craig Smith              Andrew Cogliano          Tomas Tatar              30     1   2  2  
 3 Tyler Ennis              Jason Zucker             Brendan Gallagher        25     1   2  2  
 4 Andrew Cogliano          Mikkel Boedker           Barclay Goodrow          10     1   2  2  

5 vs 5 Defense 
   Defense                  Defense                                           Time % Phy DF OF 
 1 Alex Goligoski           Andy Greene                                       35     1   2  2  
 2 Nikita Zadorov           Brian Campbell                                    30     1   2  2  
 3 Johnny Oduya             Marco Scandella                                   25     1   2  2  
 4 Jon Merrill              Alex Goligoski                                    10     1   2  2  

PowerPlay Forward 
   Center                   Left Wing                Right Wing               Time % Phy DF OF 
 1 Boone Jenner             Jordan Martinook         Brock Nelson             60     1   2  2  
 2 Craig Smith              Andrew Cogliano          Tomas Tatar              40     1   2  2  

PowerPlay Defense
   Defense                  Defense                                           Time % Phy DF OF 
 1 Alex Goligoski           Andy Greene                                       60     1   2  2  
 2 Nikita Zadorov           Brian Campbell                                    40     1   2  2  

Penalty Kill 4 Players Forward 
   Center                   Wing                     Time % Phy DF OF 
 1 Boone Jenner             Andrew Cogliano          60     1   2  2  
 2 Brock Nelson             Tomas Tatar              40     1   2  2  

Penalty Kill 4 Players Defense
   Defense                  Defense                  Time % Phy DF OF 
 1 Alex Goligoski           Andy Greene              60     1   2  2  
 2 Nikita Zadorov           Brian Campbell           40     1   2  2  

Penalty Kill - 3 Players Forward 
   Forward                                           Time % Phy DF OF 
 1 Brock Nelson                                      60     1   2  2  
 2 Andrew Cogliano                                   40     1   2  2  

Penalty Kill - 3 Players Defense
   Defense                  Defense                  Time % Phy DF OF 
 1 Alex Goligoski           Andy Greene              60     1   2  2  
 2 Nikita Zadorov           Brian Campbell           40     1   2  2  

4 vs 4 Forward 
   Center                   Wing                     Time % Phy DF OF 
 1 Brendan Gallagher        Andrew Cogliano          60     1   2  2  
 2 Brock Nelson             Tomas Tatar              40     1   2  2  

4 vs 4 Defense
   Defense                  Defense                  Time % Phy DF OF 
 1 Alex Goligoski           Andy Greene              60     1   2  2  
 2 Nikita Zadorov           Brian Campbell           40     1   2  2  

Last Minutes Offensive
   Center                   Left Wing                Right Wing               Defense                  Defense                  
   Boone Jenner             Jordan Martinook         Brock Nelson             Alex Goligoski           Andy Greene              

Last Minutes Defensive
   Center                   Left Wing                Right Wing               Defense                  Defense                  
   Boone Jenner             Jordan Martinook         Brock Nelson             Alex Goligoski           Andy Greene              

Goaltenders
Starting : Steve Mason              
Backup : Philipp Grubauer         

Extra Forwards
Normal : Jordan Martinook, Brendan Gallagher, Jason Zucker - PP : Jordan Martinook, Brendan Gallagher - PK : Jason Zucker
Extra Defensemen
Normal : Johnny Oduya, Marco Scandella, Jon Merrill - PP : Johnny Oduya - PK : Marco Scandella, Jon Merrill
Penalty Shots
Jordan Martinook, Andrew Cogliano, Brock Nelson, Tomas Tatar, Brendan Gallagher

Scratches
VGK Cap Hit (Healthy), Jordan Caron (Healthy), Mats Zuccarello (Healthy), Matt Carey (Healthy), Phil Varone (Healthy)
Tomas Jurco (Healthy), Ville Pokka (Healthy)

% Time on Ice - DALLAS

Lines # - Real PCT - Wanted PCT - Time Play
Normal Forward
1 - 28% - 35% - 13:30
2 - 30% - 30% - 14:19
3 - 22% - 25% - 10:28
4 - 19% - 10% - 9:13
Normal Defense
1 - 35% - 35% - 16:38
2 - 33% - 30% - 15:35
3 - 28% - 25% - 13:24
4 - 4% - 10% - 1:53
PP Forward
1 - 65% - 60% - 1:17
2 - 35% - 40% - 0:42
PP Defense
1 - 69% - 60% - 1:22
2 - 31% - 40% - 0:37
PK Forward
1 - 75% - 60% - 7:51
2 - 25% - 40% - 2:40
PK Defense
1 - 43% - 60% - 4:30
2 - 57% - 40% - 6:01
PK3 Forward
1 - 0% - 60%
2 - 0% - 40%
PK3 Defense
1 - 0% - 60%
2 - 0% - 40%
44 Forward
1 - 69% - 60% - 3:28
2 - 31% - 40% - 1:32
44 Defense
1 - 65% - 60% - 3:16
2 - 35% - 40% - 1:44
Last Minute Offensive  - 0:00
Last Minute Defensive  - 0:00
Total
Forward - 65:00
Defense - 65:00

% Time on Ice - VEGAS

Lines # - Real PCT - Wanted PCT - Time Play
Normal Forward
1 - 32% - 35% - 15:09
2 - 29% - 30% - 13:47
3 - 31% - 25% - 14:36
4 - 8% - 10% - 3:58
Normal Defense
1 - 30% - 35% - 14:01
2 - 31% - 30% - 14:57
3 - 29% - 25% - 13:54
4 - 10% - 10% - 4:38
PP Forward
1 - 67% - 60% - 7:02
2 - 33% - 40% - 3:29
PP Defense
1 - 50% - 60% - 5:13
2 - 50% - 40% - 5:18
PK Forward
1 - 69% - 60% - 1:22
2 - 31% - 40% - 0:37
PK Defense
1 - 39% - 60% - 0:47
2 - 61% - 40% - 1:12
PK3 Forward
1 - 0% - 60%
2 - 0% - 40%
PK3 Defense
1 - 0% - 60%
2 - 0% - 40%
44 Forward
1 - 61% - 60% - 3:02
2 - 39% - 40% - 1:58
44 Defense
1 - 61% - 60% - 3:02
2 - 39% - 40% - 1:58
Last Minute Offensive  - 0:00
Last Minute Defensive  - 0:00
Total
Forward - 65:00
Defense - 65:00

Play by Play

1st period


0:01 of 1st period - Mikko Rantanen wins face-off versus Boone Jenner in neutral zone.
0:10 of 1st period - Shot by Alexander Radulov.
0:10 of 1st period - Shot Blocked by Boone Jenner.
1:18 of 1st period - Travis Konecny is hit by Nikita Zadorov and loses puck.
1:44 of 1st period - Icing by Jakob Chychrun.
1:45 of 1st period - Tyler Ennis wins face-off versus Vladimir Sobotka in DALLAS zone.
3:12 of 1st period - Icing by Brady Skjei.
3:13 of 1st period - J.T. Brown wins face-off versus Boone Jenner in DALLAS zone.
3:13 of 1st period - Nikita Zaitsev is hit by Boone Jenner and loses puck.
3:39 of 1st period - Shot by Brock Nelson.
3:39 of 1st period - Shot Misses the Net.
4:14 of 1st period - Icing by Brian Campbell.
4:15 of 1st period - Boone Jenner wins face-off versus David Desharnais in VEGAS zone.
4:38 of 1st period - Shot by Brendan Gallagher.
4:38 of 1st period - Goal by Brendan Gallagher - DALLAS : 0 - VEGAS : 1.
4:39 of 1st period - Vladimir Sobotka wins face-off versus Craig Smith in neutral zone.
4:42 of 1st period - Johnny Oduya is hit by Travis Konecny and loses puck.
4:46 of 1st period - Icing by Johnny Oduya.
4:47 of 1st period - Craig Smith wins face-off versus Alex Tuch in VEGAS zone.
5:05 of 1st period - Nikita Zaitsev is hit by Tomas Tatar and loses puck.
5:33 of 1st period - Tomas Tatar is hit by Nikita Zaitsev and loses puck.
5:48 of 1st period - Shot by Brendan Gallagher.
5:48 of 1st period - Stopped by Anders Lindback without a rebound.
5:49 of 1st period - Vladimir Sobotka wins face-off versus Boone Jenner in DALLAS zone.
6:19 of 1st period - Shot by Kasperi Kapanen.
6:19 of 1st period - Deflect By Travis Konecny.
6:19 of 1st period - Shot Hit the Post.
6:51 of 1st period - Shot by Jason Zucker.
6:51 of 1st period - Stopped by Anders Lindback without a rebound.
6:52 of 1st period - J.T. Brown wins face-off versus Tyler Ennis in DALLAS zone.
7:42 of 1st period - Shot by Pavel Zacha.
7:42 of 1st period - Stopped by Steve Mason without a rebound.
7:43 of 1st period - Alex Tuch wins face-off versus Craig Smith in VEGAS zone.
7:44 of 1st period - Shot by Mikko Rantanen.
7:44 of 1st period - Shot Misses the Net.
7:54 of 1st period - Shot by Tomas Tatar.
7:54 of 1st period - Shot Misses the Net.
8:06 of 1st period - Shot by Tomas Tatar.
8:06 of 1st period - Shot Misses the Net.
8:08 of 1st period - Shot by Johnny Oduya.
8:08 of 1st period - Stopped by Anders Lindback with a rebound.
8:10 of 1st period - Shot by Craig Smith.
8:10 of 1st period - Shot Blocked by Alex Tuch.
8:45 of 1st period - Shot by Jordan Martinook.
8:45 of 1st period - Stopped by Anders Lindback without a rebound.
8:46 of 1st period - Vladimir Sobotka wins face-off versus Tyler Ennis in DALLAS zone.
9:59 of 1st period - Timo Meier is hit by Nikita Zadorov and loses puck.
10:04 of 1st period - Shot by Timo Meier.
10:04 of 1st period - Shot Misses the Net.
10:06 of 1st period - Shot by Derrick Pouliot.
10:06 of 1st period - Shot Misses the Net.
10:08 of 1st period - Shot by David Desharnais.
10:08 of 1st period - Stopped by Steve Mason with a rebound.
10:10 of 1st period - Shot by Derrick Pouliot.
10:10 of 1st period - Goal by Derrick Pouliot - DALLAS : 1 - VEGAS : 1.
10:11 of 1st period - Craig Smith wins face-off versus Alex Tuch in neutral zone.
10:41 of 1st period - Shot by Alexander Radulov.
10:41 of 1st period - Stopped by Steve Mason without a rebound.
10:42 of 1st period - Boone Jenner wins face-off versus J.T. Brown in VEGAS zone.
11:34 of 1st period - Lawson Crouse is hit by Andrew Cogliano and loses puck.
11:48 of 1st period - Christian Fischer is hit by Barclay Goodrow and loses puck.
12:56 of 1st period - Minor Penalty to Johnny Oduya for Roughing.
12:57 of 1st period - Boone Jenner wins face-off versus Alex Tuch in VEGAS zone.
14:01 of 1st period - Shot by Robert Bortuzzo.
14:01 of 1st period - Shot Blocked by Brock Nelson.
15:02 of 1st period - Shot by Timo Meier.
15:02 of 1st period - Shot Hit the Post.
15:04 of 1st period - Shot by Timo Meier.
15:04 of 1st period - The goal is going for a video replay.
15:04 of 1st period - The goal is refused.
15:05 of 1st period - Boone Jenner wins face-off versus Pavel Zacha in VEGAS zone.
15:33 of 1st period - Shot by Marco Scandella.
15:33 of 1st period - Stopped by Anders Lindback without a rebound.
15:34 of 1st period - Vladimir Sobotka wins face-off versus Craig Smith in DALLAS zone.
15:34 of 1st period - Vladimir Sobotka is hit by Craig Smith.
15:58 of 1st period - Shot by Travis Konecny.
15:58 of 1st period - Shot Blocked by Alex Goligoski.
16:10 of 1st period - Shot by Craig Smith.
16:10 of 1st period - Shot Misses the Net.
16:12 of 1st period - Shot by Andy Greene.
16:12 of 1st period - Goal by Andy Greene - DALLAS : 1 - VEGAS : 2.
16:13 of 1st period - David Desharnais wins face-off versus Tyler Ennis in neutral zone.
17:21 of 1st period - Brock Nelson is hit by Robert Bortuzzo and loses puck.
17:44 of 1st period - Shot by Jordan Martinook.
17:44 of 1st period - Shot Misses the Net.
17:46 of 1st period - Shot by Johnny Oduya.
17:46 of 1st period - Stopped by Anders Lindback without a rebound.
17:47 of 1st period - Craig Smith wins face-off versus Vladimir Sobotka in DALLAS zone.
17:58 of 1st period - Alex Goligoski is hit by Brady Skjei and loses puck.
18:14 of 1st period - Alex Goligoski is hit by Vladimir Sobotka and loses puck.
18:41 of 1st period - Shot by Pavel Zacha.
18:41 of 1st period - Shot Blocked by Tomas Tatar.
18:50 of 1st period - Minor Penalty to Derrick Pouliot for Hooking.
18:51 of 1st period - Pavel Zacha wins face-off versus Boone Jenner in DALLAS zone.
18:51 of 1st period - Pavel Zacha is hit by Boone Jenner.
Goals for this period are 1 for DALLAS vs 2 for VEGAS.
Shots for this period are 5 for DALLAS vs 8 for VEGAS.

2nd period


0:01 of 2nd period - Pavel Zacha wins face-off versus Boone Jenner in neutral zone.
0:05 of 2nd period - Brady Skjei is hit by Alex Goligoski and loses puck.
0:12 of 2nd period - Shot by Andy Greene.
0:12 of 2nd period - Shot Misses the Net.
0:14 of 2nd period - Shot by Andy Greene.
0:14 of 2nd period - Shot Misses the Net.
0:45 of 2nd period - Shot by Alex Goligoski.
0:45 of 2nd period - Shot Misses the Net.
1:30 of 2nd period - Off-side.
1:31 of 2nd period - Tyler Ennis wins face-off versus J.T. Brown in neutral zone.
1:57 of 2nd period - Shot by Brendan Gallagher.
1:57 of 2nd period - Shot Misses the Net.
2:05 of 2nd period - Shot by Brendan Gallagher.
2:05 of 2nd period - Shot Misses the Net.
2:35 of 2nd period - Shot by Boone Jenner.
2:35 of 2nd period - Stopped by Anders Lindback without a rebound.
2:36 of 2nd period - Craig Smith wins face-off versus Alex Tuch in DALLAS zone.
3:03 of 2nd period - Shot by Mikko Rantanen.
3:03 of 2nd period - Stopped by Steve Mason without a rebound.
3:04 of 2nd period - Boone Jenner wins face-off versus Vladimir Sobotka in VEGAS zone.
3:20 of 2nd period - Icing by Brady Skjei.
3:21 of 2nd period - Tyler Ennis wins face-off versus Vladimir Sobotka in DALLAS zone.
3:48 of 2nd period - Shot by Jason Zucker.
3:48 of 2nd period - Shot Blocked by Brady Skjei.
3:50 of 2nd period - Shot by Brendan Gallagher.
3:50 of 2nd period - Shot Blocked by Nikita Zaitsev.
4:38 of 2nd period - Shot by Jordan Martinook.
4:38 of 2nd period - Goal by Jordan Martinook - DALLAS : 1 - VEGAS : 3.
4:39 of 2nd period - David Desharnais wins face-off versus Tomas Tatar in neutral zone.
5:04 of 2nd period - Icing by Brian Campbell.
5:05 of 2nd period - Alex Tuch wins face-off versus Craig Smith in VEGAS zone.
5:10 of 2nd period - Shot by Mikko Rantanen.
5:10 of 2nd period - Stopped by Steve Mason without a rebound.
5:11 of 2nd period - Alexander Radulov wins face-off versus Boone Jenner in VEGAS zone.
5:37 of 2nd period - Shot by Jordan Martinook.
5:37 of 2nd period - Stopped by Anders Lindback with a rebound.
6:17 of 2nd period - Shot by Travis Konecny.
6:17 of 2nd period - Shot Misses the Net.
6:19 of 2nd period - Shot by Nikita Zaitsev.
6:19 of 2nd period - Stopped by Steve Mason without a rebound.
6:20 of 2nd period - David Desharnais wins face-off versus Andrew Cogliano in VEGAS zone.
6:26 of 2nd period - Timo Meier is hit by Nikita Zadorov and loses puck.
6:49 of 2nd period - Shot by Timo Meier.
6:49 of 2nd period - Stopped by Steve Mason without a rebound.
6:50 of 2nd period - Vladimir Sobotka wins face-off versus Brendan Gallagher in VEGAS zone.
6:50 of 2nd period - Nikita Zaitsev is hit by Johnny Oduya and loses puck.
7:51 of 2nd period - Shot by Mikko Rantanen.
7:51 of 2nd period - Goal by Mikko Rantanen - DALLAS : 2 - VEGAS : 3.
7:52 of 2nd period - David Desharnais wins face-off versus Boone Jenner in neutral zone.
8:17 of 2nd period - Shot by Brock Nelson.
8:17 of 2nd period - Deflect By Boone Jenner.
8:17 of 2nd period - Stopped by Anders Lindback without a rebound.
8:18 of 2nd period - Mikko Rantanen wins face-off versus Craig Smith in DALLAS zone.
8:18 of 2nd period - Mikko Rantanen is hit by Tomas Tatar.
8:41 of 2nd period - Andrew Cogliano is hit by Derrick Pouliot and loses puck.
9:32 of 2nd period - Brock Nelson is hit by Jakob Chychrun and loses puck.
9:48 of 2nd period - Shot by Brock Nelson.
9:48 of 2nd period - Stopped by Anders Lindback with a rebound.
9:50 of 2nd period - Shot by Alex Goligoski.
9:50 of 2nd period - Stopped by Anders Lindback with a rebound.
9:56 of 2nd period - Shot by Brock Nelson.
9:56 of 2nd period - Shot Misses the Net.
9:58 of 2nd period - Shot by Jordan Martinook.
9:58 of 2nd period - Shot Misses the Net.
10:30 of 2nd period - Off-side.
10:31 of 2nd period - David Desharnais wins face-off versus Andrew Cogliano in neutral zone.
10:50 of 2nd period - Johnny Oduya is hit by Timo Meier and loses puck.
11:44 of 2nd period - Shot by Vladimir Sobotka.
11:44 of 2nd period - Shot Misses the Net.
11:46 of 2nd period - Shot by Travis Konecny.
11:46 of 2nd period - Stopped by Steve Mason with a rebound.
11:52 of 2nd period - Shot by Travis Konecny.
11:52 of 2nd period - Deflect By Kasperi Kapanen.
11:52 of 2nd period - Shot Misses the Net.
11:54 of 2nd period - Shot by Robert Bortuzzo.
11:54 of 2nd period - Shot Misses the Net.
11:56 of 2nd period - Shot by Yohann Auvitu.
11:56 of 2nd period - Stopped by Steve Mason with a rebound.
12:20 of 2nd period - Nikita Zaitsev is hit by Brendan Gallagher and loses puck.
12:24 of 2nd period - Icing by Brady Skjei.
12:25 of 2nd period - J.T. Brown wins face-off versus Boone Jenner in DALLAS zone.
13:01 of 2nd period - Icing by Nikita Zaitsev.
13:02 of 2nd period - J.T. Brown wins face-off versus Craig Smith in DALLAS zone.
14:27 of 2nd period - Shot by David Desharnais.
14:27 of 2nd period - Goal by David Desharnais - DALLAS : 3 - VEGAS : 3.
14:28 of 2nd period - Jason Zucker wins face-off versus Alex Tuch in neutral zone.
15:18 of 2nd period - Shot by Robert Bortuzzo.
15:18 of 2nd period - Shot Blocked by Brian Campbell.
15:47 of 2nd period - Minor Penalty to Jakob Chychrun for Roughing.
15:48 of 2nd period - Pavel Zacha wins face-off versus Craig Smith in DALLAS zone.
16:01 of 2nd period - Shot by Alexander Radulov.
16:01 of 2nd period - Deflect By Pavel Zacha.
16:01 of 2nd period - Stopped by Steve Mason with a rebound.
16:05 of 2nd period - Shot by Pavel Zacha.
16:05 of 2nd period - Stopped by Steve Mason without a rebound.
16:06 of 2nd period - Pavel Zacha wins face-off versus Boone Jenner in VEGAS zone.
16:09 of 2nd period - Shot by Alexander Radulov.
16:09 of 2nd period - Shot Misses the Net.
16:19 of 2nd period - Shot by Boone Jenner.
16:19 of 2nd period - Deflect By Brock Nelson.
16:19 of 2nd period - Shot Misses the Net.
16:21 of 2nd period - Shot by Brock Nelson.
16:21 of 2nd period - Shot Blocked by Derrick Pouliot.
16:23 of 2nd period - Shot by Alex Goligoski.
16:23 of 2nd period - Goal by Alex Goligoski - DALLAS : 3 - VEGAS : 4.
16:24 of 2nd period - Vladimir Sobotka wins face-off versus Craig Smith in neutral zone.
16:31 of 2nd period - Shot by Andrew Cogliano.
16:31 of 2nd period - Shot Misses the Net.
16:33 of 2nd period - Shot by Andrew Cogliano.
16:33 of 2nd period - Shot Hit the Post.
16:35 of 2nd period - Shot by Andrew Cogliano.
16:35 of 2nd period - Shot Misses the Net.
16:37 of 2nd period - Shot by Johnny Oduya.
16:37 of 2nd period - Stopped by Anders Lindback with a rebound.
16:39 of 2nd period - Shot by Johnny Oduya.
16:39 of 2nd period - Shot Misses the Net.
16:48 of 2nd period - Minor Penalty to Travis Konecny for Hooking.
16:49 of 2nd period - Pavel Zacha wins face-off versus Boone Jenner in DALLAS zone.
16:55 of 2nd period - Icing by Andy Greene.
16:56 of 2nd period - Pavel Zacha wins face-off versus Boone Jenner in VEGAS zone.
17:01 of 2nd period - Shot by Alexander Radulov.
17:01 of 2nd period - Shot Blocked by Andy Greene.
18:08 of 2nd period - Icing by Andrew Cogliano.
18:09 of 2nd period - Pavel Zacha wins face-off versus Craig Smith in VEGAS zone.
18:10 of 2nd period - Shot by Alexander Radulov.
18:10 of 2nd period - Stopped by Steve Mason with a rebound.
19:07 of 2nd period - Shot by Jason Zucker.
19:07 of 2nd period - Stopped by Anders Lindback with a rebound.
19:09 of 2nd period - Shot by Johnny Oduya.
19:09 of 2nd period - Shot Misses the Net.
19:11 of 2nd period - Shot by Marco Scandella.
19:11 of 2nd period - Shot Misses the Net.
19:22 of 2nd period - Shot by Brendan Gallagher.
19:22 of 2nd period - Shot Blocked by Robert Bortuzzo.
19:24 of 2nd period - Shot by Jason Zucker.
19:24 of 2nd period - Stopped by Anders Lindback with a rebound.
19:26 of 2nd period - Shot by Brendan Gallagher.
19:26 of 2nd period - Deflect By Jason Zucker.
19:26 of 2nd period - Stopped by Anders Lindback without a rebound.
19:27 of 2nd period - Boone Jenner wins face-off versus Lawson Crouse in DALLAS zone.
19:28 of 2nd period - Shot by Brock Nelson.
19:28 of 2nd period - Shot Blocked by Christian Fischer.
19:30 of 2nd period - Shot by Andy Greene.
19:30 of 2nd period - Shot Blocked by Nikita Zaitsev.
19:32 of 2nd period - Shot by Andy Greene.
19:32 of 2nd period - Deflect By Brock Nelson.
19:32 of 2nd period - Stopped by Anders Lindback without a rebound.
19:33 of 2nd period - Boone Jenner wins face-off versus J.T. Brown in DALLAS zone.
19:49 of 2nd period - Shot by Boone Jenner.
19:49 of 2nd period - Shot Blocked by Nikita Zaitsev.
19:58 of 2nd period - Brady Skjei is hit by Alex Goligoski and loses puck.
Goals for this period are 2 for DALLAS vs 2 for VEGAS.
Shots for this period are 11 for DALLAS vs 12 for VEGAS.

3rd period


0:01 of 3rd period - Alex Tuch wins face-off versus Boone Jenner in neutral zone.
0:01 of 3rd period - Alex Tuch is hit by Boone Jenner.
0:29 of 3rd period - Shot by Brock Nelson.
0:29 of 3rd period - Stopped by Anders Lindback without a rebound.
0:30 of 3rd period - Craig Smith wins face-off versus Timo Meier in DALLAS zone.
1:03 of 3rd period - Timo Meier is hit by Nikita Zadorov and loses puck.
1:24 of 3rd period - Shot by Travis Konecny.
1:24 of 3rd period - Shot Misses the Net.
1:35 of 3rd period - Shot by Vladimir Sobotka.
1:35 of 3rd period - Stopped by Steve Mason without a rebound.
1:36 of 3rd period - Boone Jenner wins face-off versus Alex Tuch in VEGAS zone.
1:36 of 3rd period - Brock Nelson is hit by Alexander Radulov and loses puck.
1:43 of 3rd period - Shot by Alexander Radulov.
1:43 of 3rd period - Shot Misses the Net.
1:45 of 3rd period - Shot by Mikko Rantanen.
1:45 of 3rd period - Goal by Mikko Rantanen - DALLAS : 4 - VEGAS : 4.
1:46 of 3rd period - Boone Jenner wins face-off versus Alex Tuch in neutral zone.
1:46 of 3rd period - Jordan Martinook is hit by Alexander Radulov and loses puck.
1:47 of 3rd period - Minor Penalty to Alex Tuch for Boarding.
1:48 of 3rd period - Brock Nelson wins face-off versus Pavel Zacha in DALLAS zone.
2:09 of 3rd period - Shot by Alex Goligoski.
2:09 of 3rd period - Shot Blocked by Brady Skjei.
3:27 of 3rd period - Shot by Alexander Radulov.
3:27 of 3rd period - Shot Misses the Net.
3:33 of 3rd period - Shot by Alex Goligoski.
3:33 of 3rd period - Shot Misses the Net.
3:35 of 3rd period - Shot by Alex Goligoski.
3:35 of 3rd period - Stopped by Anders Lindback with a rebound.
3:42 of 3rd period - Shot by Alex Goligoski.
3:42 of 3rd period - Shot Blocked by Jakob Chychrun.
3:44 of 3rd period - Shot by Alex Goligoski.
3:44 of 3rd period - Stopped by Anders Lindback with a rebound.
3:46 of 3rd period - Shot by Andy Greene.
3:46 of 3rd period - Stopped by Anders Lindback with a rebound.
3:48 of 3rd period - Shot by Johnny Oduya.
3:48 of 3rd period - Shot Misses the Net.
3:50 of 3rd period - Shot by Brendan Gallagher.
3:50 of 3rd period - Shot Misses the Net.
3:52 of 3rd period - Shot by Johnny Oduya.
3:52 of 3rd period - Shot Misses the Net.
4:02 of 3rd period - Shot by Jason Zucker.
4:02 of 3rd period - Shot Misses the Net.
4:48 of 3rd period - Shot by Andrew Cogliano.
4:48 of 3rd period - Shot Blocked by Brady Skjei.
5:27 of 3rd period - Minor Penalty to Jakob Chychrun for Roughing.
5:28 of 3rd period - Pavel Zacha wins face-off versus Boone Jenner in DALLAS zone.
5:28 of 3rd period - Alexander Radulov is hit by Boone Jenner and loses puck.
5:49 of 3rd period - Shot by Brock Nelson.
5:49 of 3rd period - Shot Misses the Net.
5:51 of 3rd period - Shot by Brian Campbell.
5:51 of 3rd period - Stopped by Anders Lindback with a rebound.
5:53 of 3rd period - Shot by Boone Jenner.
5:53 of 3rd period - Deflect By Jordan Martinook.
5:53 of 3rd period - Stopped by Anders Lindback with a rebound.
6:03 of 3rd period - Shot by Brock Nelson.
6:03 of 3rd period - Stopped by Anders Lindback with a rebound.
6:05 of 3rd period - Shot by Brian Campbell.
6:05 of 3rd period - Shot Misses the Net.
6:41 of 3rd period - Shot by Andrew Cogliano.
6:41 of 3rd period - Shot Misses the Net.
6:43 of 3rd period - Shot by Andy Greene.
6:43 of 3rd period - Stopped by Anders Lindback without a rebound.
6:44 of 3rd period - Travis Konecny wins face-off versus Boone Jenner in DALLAS zone.
7:08 of 3rd period - Off-side.
7:09 of 3rd period - Craig Smith wins face-off versus Vladimir Sobotka in neutral zone.
7:24 of 3rd period - Shot by Tomas Tatar.
7:24 of 3rd period - Shot Misses the Net.
7:26 of 3rd period - Shot by Andy Greene.
7:26 of 3rd period - Shot Misses the Net.
7:37 of 3rd period - Icing by Jakob Chychrun.
7:38 of 3rd period - Tyler Ennis wins face-off versus Christian Fischer in DALLAS zone.
7:49 of 3rd period - Shot by Jason Zucker.
7:49 of 3rd period - Shot Misses the Net.
7:51 of 3rd period - Shot by Johnny Oduya.
7:51 of 3rd period - Shot Misses the Net.
7:56 of 3rd period - Icing by Robert Bortuzzo.
7:57 of 3rd period - J.T. Brown wins face-off versus Boone Jenner in DALLAS zone.
8:45 of 3rd period - Icing by Brian Campbell.
8:46 of 3rd period - Alex Tuch wins face-off versus Boone Jenner in VEGAS zone.
9:10 of 3rd period - Shot by Nikita Zaitsev.
9:10 of 3rd period - Stopped by Steve Mason without a rebound.
9:11 of 3rd period - Vladimir Sobotka wins face-off versus Tyler Ennis in VEGAS zone.
9:15 of 3rd period - Icing by Jason Zucker.
9:16 of 3rd period - Jason Zucker wins face-off versus Vladimir Sobotka in VEGAS zone.
9:31 of 3rd period - Shot by Vladimir Sobotka.
9:31 of 3rd period - Shot Misses the Net.
9:58 of 3rd period - Brendan Gallagher is hit by Nikita Zaitsev and loses puck.
10:31 of 3rd period - Shot by Alexander Radulov.
10:31 of 3rd period - Shot Blocked by Johnny Oduya.
10:35 of 3rd period - Shot by Alex Tuch.
10:35 of 3rd period - Goal by Alex Tuch - DALLAS : 5 - VEGAS : 4.
10:36 of 3rd period - David Desharnais wins face-off versus Boone Jenner in neutral zone.
10:45 of 3rd period - Shot by Boone Jenner.
10:45 of 3rd period - Deflect By Brock Nelson.
10:45 of 3rd period - Shot Misses the Net.
10:47 of 3rd period - Shot by Nikita Zadorov.
10:47 of 3rd period - Goal by Nikita Zadorov - DALLAS : 5 - VEGAS : 5.
10:48 of 3rd period - Boone Jenner wins face-off versus Alex Tuch in neutral zone.
11:07 of 3rd period - Jakob Chychrun is hit by Boone Jenner.
11:25 of 3rd period - Shot by Jordan Martinook.
11:25 of 3rd period - Stopped by Anders Lindback without a rebound.
11:26 of 3rd period - Andrew Cogliano wins face-off versus David Desharnais in DALLAS zone.
12:52 of 3rd period - Shot by Kasperi Kapanen.
12:52 of 3rd period - Stopped by Steve Mason without a rebound.
12:53 of 3rd period - Alex Tuch wins face-off versus Boone Jenner in VEGAS zone.
13:02 of 3rd period - Shot by Alexander Radulov.
13:02 of 3rd period - Shot Misses the Net.
13:04 of 3rd period - Shot by Alexander Radulov.
13:04 of 3rd period - Shot Misses the Net.
13:09 of 3rd period - Off-side.
13:10 of 3rd period - Tyler Ennis wins face-off versus J.T. Brown in neutral zone.
13:23 of 3rd period - Shot by Lawson Crouse.
13:23 of 3rd period - Shot Misses the Net.
13:25 of 3rd period - Shot by Jakob Chychrun.
13:25 of 3rd period - Shot Blocked by Alex Goligoski.
13:27 of 3rd period - Shot by Jakob Chychrun.
13:27 of 3rd period - Deflect By Christian Fischer.
13:27 of 3rd period - Shot Misses the Net.
14:18 of 3rd period - Shot by Nikita Zaitsev.
14:18 of 3rd period - Shot Misses the Net.
14:20 of 3rd period - Shot by Alexander Radulov.
14:20 of 3rd period - Shot Misses the Net.
15:02 of 3rd period - Shot by David Desharnais.
15:02 of 3rd period - Stopped by Steve Mason without a rebound.
15:03 of 3rd period - Vladimir Sobotka wins face-off versus Andrew Cogliano in VEGAS zone.
15:12 of 3rd period - Off-side.
15:13 of 3rd period - Vladimir Sobotka wins face-off versus Tyler Ennis in neutral zone.
15:15 of 3rd period - Off-side.
15:16 of 3rd period - Craig Smith wins face-off versus Vladimir Sobotka in neutral zone.
15:51 of 3rd period - Icing by Brady Skjei.
15:52 of 3rd period - Boone Jenner wins face-off versus Vladimir Sobotka in DALLAS zone.
16:32 of 3rd period - Icing by Robert Bortuzzo.
16:33 of 3rd period - Alex Tuch wins face-off versus Andrew Cogliano in DALLAS zone.
17:22 of 3rd period - Tomas Tatar is hit by Timo Meier and loses puck.
17:28 of 3rd period - Minor Penalty to Timo Meier for Diving.
17:29 of 3rd period - Pavel Zacha wins face-off versus Boone Jenner in DALLAS zone.
17:29 of 3rd period - Pavel Zacha is hit by Boone Jenner.
17:39 of 3rd period - Shot by Nikita Zadorov.
17:39 of 3rd period - Stopped by Anders Lindback without a rebound.
17:40 of 3rd period - Pavel Zacha wins face-off versus Boone Jenner in DALLAS zone.
17:49 of 3rd period - Shot by Brian Campbell.
17:49 of 3rd period - Deflect By Brock Nelson.
17:49 of 3rd period - Stopped by Anders Lindback without a rebound.
17:50 of 3rd period - Pavel Zacha wins face-off versus Boone Jenner in DALLAS zone.
17:58 of 3rd period - Icing by Nikita Zadorov.
17:59 of 3rd period - Boone Jenner wins face-off versus Pavel Zacha in VEGAS zone.
18:27 of 3rd period - Shot by Brian Campbell.
18:27 of 3rd period - Stopped by Anders Lindback with a rebound.
18:29 of 3rd period - Shot by Nikita Zadorov.
18:29 of 3rd period - Shot Misses the Net.
18:31 of 3rd period - Shot by Boone Jenner.
18:31 of 3rd period - Stopped by Anders Lindback with a rebound.
18:40 of 3rd period - Icing by Boone Jenner.
18:41 of 3rd period - Mikko Rantanen wins face-off versus Boone Jenner in VEGAS zone.
19:41 of 3rd period - Shot by J.T. Brown.
19:41 of 3rd period - Stopped by Steve Mason without a rebound.
19:42 of 3rd period - Vladimir Sobotka wins face-off versus Andrew Cogliano in VEGAS zone.
Goals for this period are 2 for DALLAS vs 1 for VEGAS.
Shots for this period are 7 for DALLAS vs 14 for VEGAS.

Overtime #1


0:01 of 1st overtime period - Brendan Gallagher wins face-off versus Alex Tuch in neutral zone.
1:11 of 1st overtime period - Shot by Tomas Tatar.
1:11 of 1st overtime period - Shot Misses the Net.
1:25 of 1st overtime period - Shot by Travis Konecny.
1:25 of 1st overtime period - Shot Misses the Net.
1:27 of 1st overtime period - Shot by Derrick Pouliot.
1:27 of 1st overtime period - Stopped by Steve Mason without a rebound.
1:28 of 1st overtime period - Brendan Gallagher wins face-off versus J.T. Brown in VEGAS zone.
1:33 of 1st overtime period - Shot by Andrew Cogliano.
1:33 of 1st overtime period - Shot Blocked by Jakob Chychrun.
3:20 of 1st overtime period - Shot by Tomas Tatar.
3:20 of 1st overtime period - Deflect By Brock Nelson.
3:20 of 1st overtime period - Stopped by Anders Lindback without a rebound.
3:21 of 1st overtime period - Brock Nelson wins face-off versus Mikko Rantanen in DALLAS zone.
4:33 of 1st overtime period - Shot by Jordan Martinook.
4:33 of 1st overtime period - Shot Misses the Net.
4:45 of 1st overtime period - Andy Greene is hit by Alexander Radulov.
Goals for this period are 0 for DALLAS vs 0 for VEGAS.
Shots for this period are 1 for DALLAS vs 1 for VEGAS.

ShootOut


5:00 of 1st overtime period - Penalty Shot by Alex Tuch for DALLAS.
5:00 of 1st overtime period - Stopped by Steve Mason.
5:00 of 1st overtime period - Penalty Shot by Jordan Martinook for VEGAS.
5:00 of 1st overtime period - Stopped by Anders Lindback.
5:00 of 1st overtime period - Penalty Shot by Alexander Radulov for DALLAS.
5:00 of 1st overtime period - Goal by Alexander Radulov.
5:00 of 1st overtime period - Penalty Shot by Andrew Cogliano for VEGAS.
5:00 of 1st overtime period - Shot Misses the Net.
5:00 of 1st overtime period - Penalty Shot by Mikko Rantanen for DALLAS.
5:00 of 1st overtime period - Shot Misses the Net.
5:00 of 1st overtime period - Penalty Shot by Brock Nelson for VEGAS.
5:00 of 1st overtime period - Stopped by Anders Lindback.